 Dungeon Crawl Stone Soup version 0.29.1-2-gbd0b4ee654 (webtiles) character file.

Game seed: 12704976065888517465

357 lokiplouj the Trooper (level 6, -15/84 HPs)
             Began as a Hill Orc Berserker on Nov 14, 2022.
             Was a Believer of Trog.
             Demolished by an orc warrior
             ... wielding a +0 halberd
              (20 damage)
             ... on level 4 of the Dungeon on Nov 15, 2022.
             The game lasted 00:13:20 (4823 turns).

lokiplouj the Trooper (Hill Orc Berserker)          Turns: 4823, Time: 00:13:21

Health: -15/84     AC:  3    Str: 26    XL:     6   Next: 64%
Magic:  6/6        EV: 13    Int:  7    God:    Trog [**....]
Gold:   117        SH:  6    Dex: 21    Spells: 5/5 levels left

rFire   . . .      SeeInvis .   l - +2 short sword (holy)
rCold   . . .      Faith    .   y - +2 buckler of the Tarantula {Dex+3}
rNeg    . . .      Spirit   .   b - +0 animal skin
rPois   .          Reflect  .   (no helmet)
rElec   .          Harm     .   (no cloak)
rCorr   .          Rampage  .   o - +0 pair of gloves
Will    .....                   (no boots)
Stlth   ..........              (no amulet)
HPRegen 0.24/turn               k - +6 ring of strength
MPRegen 0.10/turn               n - +6 ring of dexterity

@: berserking, very quick
A: no striking features
a: Renounce Religion, Berserk, Trog's Hand


You were on level 4 of the Dungeon.
You worshipped Trog.
Trog was pleased with you.
You visited 1 branch of the dungeon, and saw 4 of its levels.

You collected 117 gold pieces.

Inventory:

Hand Weapons
 a - a +0 hand axe
 l - a +2 short sword of holy wrath (weapon)
Armour
 b - a +0 animal skin (worn)
 o - a +0 pair of gloves (worn)
 y - the +2 buckler of the Tarantula (worn) {Dex+3}
   (You found it on level 4 of the Dungeon)

   Dex:       It affects your dexterity (+3).
Jewellery
 d - a ring of magical power
 i - an amulet of magic regeneration
 k - a +6 ring of strength (left hand)
 n - a +6 ring of dexterity (right hand)
 u - a ring of flight
 v - a ring of protection from cold
 x - a +4 ring of protection
 z - a ring of see invisible
Wands
 s - a wand of paralysis (25)
Scrolls
 c - a scroll of poison {unknown}
 e - a scroll of fog {unknown}
 f - a scroll of teleportation {unknown}
 h - 2 scrolls of enchant weapon {unknown}
 j - 4 scrolls of identify {unknown}
 p - a scroll of summoning {unknown}
 r - a scroll of vulnerability {unknown}
 w - a scroll of torment {unknown}
Potions
 g - a potion of haste {unknown}
 m - a potion of heal wounds {unknown}
 q - a potion of lignification {unknown}
 t - a potion of berserk rage {unknown}


   Skills:
 + Level 5.1 Fighting
 + Level 2.9 Short Blades
 + Level 5.0 Axes
 + Level 2.2 Armour
 + Level 3.0 Dodging
 + Level 2.1 Stealth
 + Level 0.5 Shields


You had 5 spell levels left.
You didn't know any spells.
Your spell library contained the following spells:

 Spells                   Type           Power      Damage    Failure   Level
 Animate Dead             Necr           0%         N/A       99%         4
 Borgnjor's Vile Clutch   Necr/Erth      0%         N/A       100%        5
 Death Channel            Necr           0%         N/A       100%        6


Dungeon Overview and Level Annotations

Branches:
Dungeon (4/15)
 Temple: D:4-7

Altars:
Ashenzari
Dithmenos
Uskayaw
Xom

Shops:
D:1 *


Message History

The orc hits you with a +0 mace.
The orc warrior hits you with a +0 halberd!
You are too injured to fight recklessly!
You are too injured to fight recklessly!
You are too injured to fight recklessly!
You are too injured to fight recklessly!
You are too injured to fight recklessly!
You are too injured to fight recklessly!
You are too injured to fight recklessly!
Unknown command.
You are too injured to fight recklessly!
Unknown command.
Unknown command.
You are too injured to fight recklessly!
You hit the orc warrior.
The orc warrior is lightly wounded.
You block the orc warrior's attack. The orc hits you with a +0 mace.
You closely miss the orc warrior.
The orc warrior is lightly wounded.
The orc warrior hits you with a +0 halberd!
* * * LOW HITPOINT WARNING * * *
You puncture the orc warrior!
The orc warrior is heavily wounded.
You hit the orc warrior.
The orc warrior is heavily wounded.
The orc warrior hits you with a +0 halberd!
* * * LOW HITPOINT WARNING * * *
You block the orc's attack.
Okay, then.
You hit the orc warrior but do no damage.
The orc warrior is heavily wounded.
You block the orc's attack. The orc hits you but does no damage.
The orc warrior completely misses you.
You hit the orc warrior.
The orc warrior is severely wounded.
You closely miss the orc warrior.
The orc warrior is severely wounded.
The orc barely misses you. You block the orc's attack.
The orc warrior hits you with a +0 halberd!!
You die...

........# #.##..#
.....>..#########.#...#
........)...##.....(.#
##.#...))...'......#.#
...##....)..##....## #
... #.......#####.# ...
#.......# #..# .
#.......####.##
#########..o@#
......oo# ........#
........# ........#
........# .....$..#
.........


You could see an orc warrior and 2 orcs.

Vanquished Creatures
  2 hounds (D:4)
  2 orc priests
  A jelly (D:4)
  Jessica (D:2)
  An orc wizard (D:4)
  2 adders
  3 gnolls (D:4)
  A dart slug (D:1)
  8 orcs
  5 endoplasms
  4 giant cockroaches
  9 goblins
  13 hobgoblins
  12 jackals
  11 kobolds
  2 quokkas (D:1)
  8 ball pythons
  3 bats
  7 frilled lizards
  8 rats
103 creatures vanquished.

Notes
Turn   | Place    | Note
-------+----------+-------------------------------------------
     0 | D:1      | lokiplouj the Hill Orc Berserker began the quest for the
                  | Orb.
     0 | D:1      | Reached XP level 1. HP: 19/19 MP: 1/1
   270 | D:1      | Reached XP level 2. HP: 22/27 MP: 2/2
   370 | D:1      | Found Vyfyraut's Assorted Antiques.
   676 | D:1      | Reached XP level 3. HP: 31/34 MP: 3/3
  1055 | D:1      | Reached ** piety under Trog
  1676 | D:2      | Found a shimmering altar of Xom.
  1965 | D:2      | Reached XP level 4. HP: 39/41 MP: 4/4
  1968 | D:2      | Reached skill level 1 in Stealth
  1997 | D:2      | Noticed Jessica
  2002 | D:2      | Killed Jessica
  2003 | D:2      | Reached skill level 5 in Axes
  2506 | D:2      | Reached skill level 1 in Short Blades
  2589 | D:3      | Reached XP level 5. HP: 29/47 MP: 5/5
  2631 | D:3      | Found a shadowy altar of Dithmenos.
  2830 | D:3      | Found a large runed translucent door.
  2831 | D:3      | Found a large runed translucent door.
  3783 | D:3      | Reached *** piety under Trog
  3786 | D:3      | Found a hide-covered altar of Uskayaw.
  3795 | D:3      | Found a broken altar of Ashenzari.
  3890 | D:4      | Identified the +2 buckler of the Tarantula {Dex+3}
  3955 | D:4      | HP: 1/47 [acid (10)]
  3963 | D:4      | HP: 3/70 [acid (5)]
  3965 | D:4      | Reached XP level 6. HP: 6/55 MP: 6/6
  4279 | D:4      | Reached skill level 5 in Fighting
  4810 | D:4      | Noticed an orc warrior
  4823 | D:4      | Demolished by an orc warrior

Illustrated notes

Levels and vault maps discovered:
D:1:      psy_arrival_terrarium, layout_basic, serial_shops,
          nicolae_shop_waterfront, amethyst_killhole
D:2:      layout_loops_cross, basic_altar, uniq_jessica
D:3:      layout_basic, grunt_dithmenos_smoke_and_mirrors, jmf_multi_god_temple2
D:4:      layout_basic, yredelemnul_forgotten_temple_becter

Skill      XL: |  1  2  3  4  5  6 |
---------------+-------------------+-----
Fighting       | 4 5 |  5.1
Stealth        | 1 2 |  2.1
Axes           | 5 |  5.0
Dodging        | 2 3 |  3.0
Short Blades   | 1 2 |  2.9
Armour         | |  2.2
Shields        | |  0.5

Action                   |  1- 3 |  4- 6 || total
-------------------------+-------+-------++-------
Melee: Hand axe          |    82 |       ||    82
       Punch             |     1 |     1 ||     2
       Short sword       |    40 |   191 ||   231
Invok: Berserk           |     1 |     6 ||     7
       Trog's Hand       |       |     4 ||     4
  Use: Potion            |       |     1 ||     1
 Stab: Sleeping          |     7 |     9 ||    16
Armor: Animal skin       |    17 |    63 ||    80
Dodge: Dodged            |    81 |   168 ||   249
Block: Buckler           |       |    25 ||    25
